 Dungeon Crawl Stone Soup version 0.31-a0-486-g8d68a81214 (webtiles) character file.

Game seed: 10468682899956625274

211 AstroCodex24 the Chopper (level 5, 0/45 HPs)
             Began as a Demigod Fighter on Aug 7, 2023.
             Slain by a lemure (4 damage)
             ... led by Pikel
             ... on level 4 of the Dungeon.
             The game lasted 00:07:57 (1322 turns).

AstroCodex24 the Chopper (Demigod Fighter)          Turns: 1322, Time: 00:07:57

Health: 0/45       AC:  8    Str: 21    XL:     5   Next: 31%
Magic:  7/7        EV:  9    Int: 10    God:
Gold:   133        SH:  4    Dex: 13    Spells: 4/4 levels left

rFire   . . .        a - +0 war axe
rCold   . . .        c - +0 buckler
rNeg    . . .        b - +0 scale mail
rPois   .            (no helmet)
rElec   .            (no cloak)
rCorr   .            (no gloves)
SInv    .            q - +0 pair of boots
Will    .....        (no amulet) Stlth
                     (no ring)
HPRegen 0.27/turn    (no ring)
MPRegen 0.10/turn

%: no passive effects
@: no status effects
A: high MP 1, forlorn, divine attributes
a: no special abilities


You were on level 4 of the Dungeon.
You visited 1 branch of the dungeon, and saw 3 of its levels.

You collected 133 gold pieces.

Inventory:

Hand Weapons
 a - a +0 war axe (weapon)
Missiles
 h - 2 throwing nets
Armour
 b - a +0 scale mail (worn)
 c - a +0 buckler (worn)
 q - a +0 pair of boots (worn)
Talismans
 f - a beast talisman
 p - a serpent talisman
Wands
 n - a wand of paralysis (2)
Scrolls
 g - 2 scrolls of vulnerability {unknown}
 k - 2 scrolls of teleportation {unknown}
 m - a scroll of enchant armour {unknown}
 o - 2 scrolls of fear {unknown}
 r - a scroll of revelation {unknown}
Potions
 d - 2 potions of might
 e - a potion of berserk rage {unknown}
 i - a potion of attraction {unknown}
 j - a potion of mutation {unknown}
 l - a potion of curing {unknown}


   Skills:
 + Level 3.2 Fighting
 + Level 3.6 Axes
 + Level 3.4 Armour
 + Level 1.1 Dodging
 + Level 1.0 Stealth
 + Level 3.2 Shields


You had 4 spell levels left.
You didn't know any spells.
Your spell library contained the following spells:

 Spells                   Type           Power      Damage    Failure   Level
 Magic Dart               Conj           0%         1d3       77%         1
 Call Imp                 Summ           0%         N/A       88%         2
 Call Canine Familiar     Summ           0%         N/A       98%         3
 Mephitic Cloud           Conj/Pois/Air  0%         N/A       98%         3
 Summon Horrible Things   Summ           0%         N/A       100%        8


Dungeon Overview and Level Annotations

Branches:
Dungeon (2/15)

Annotations:
D:4 Pikel


Innate Abilities, Weirdness & Mutations

You have an increased reservoir of magic. (+10% MP)
You shall have no god before yourself.
Your divine heritage dramatically boosts your attributes as you level up.


Message History

The lemure hits you but does no damage. The adder closely misses you.
Pikel, Merchant of Souls comes into view.
He is wielding a +1 whip of flaming.
The lemure hits you.
You barely miss the lemure.
The lemure is lightly wounded.
You slash the adder!
You kill the adder!
The lemure misses you.
Your Stealth skill increases to level 1!
You hit the lemure.
The lemure is lightly wounded.
You barely miss the lemure. The lemure hits you.
The lemure hits you but does no damage.
You slash the lemure!
The lemure is heavily wounded.
You barely miss the lemure. You block the lemure's attack.
The lemure barely misses you.
A lemure comes into view.
The lemure hits you. x2
* * * LOW HITPOINT WARNING * * *
Aiming: Paralyse
Press: ? - help, Q - select action, (/) - cycle Shift-Dir - straight line, f - lemure
Aim: a lemure (heavily wounded, chance to affect: 49%)
The lemure resists with some effort.
You block the lemure's attack. The lemure barely misses you.
Okay, then.
You closely miss the lemure.
The lemure is heavily wounded.
You closely miss the lemure. The lemure misses you.
You barely miss Pikel. You hit the lemure. The lemure misses you.
You miss Pikel. You hit the lemure.
Pikel hits you with a +1 whip of flaming!
* * * LOW HITPOINT WARNING * * *
Pikel burns you.
* * * LOW HITPOINT WARNING * * *
The lemure hits you but does no damage. Pikel closely misses you.
The lemure hits you but does no damage.
You hit Pikel but do no damage. You barely miss the lemure. You hit the lemure.
The lemure hits you.
You die...

###################
#.................#
#....[............#
##...###.###.######
####†###'###'###
#......#...#...#
#..55..#...#...#
##5K@.##..###..# ##
#..######..###..##.##.
...#....................
.. +.......†............
. #...................^
#....###.####.##..##.
#.... ######.###+##.
.... #........... ..
#...........


You could see Pikel and 3 lemures.

Vanquished Creatures
  A howler monkey (D:4)
  A hound (D:4)
  5 adders
  5 gnolls
  A dart slug (D:2)
  2 ball pythons (D:2)
  5 endoplasms
  2 giant cockroaches
  6 goblins (D:1)
  6 hobgoblins
  3 kobolds
  A quokka (D:1)
  3 bats (D:1)
  A frilled lizard (D:2)
  13 rats
55 creatures vanquished.

Notes
Turn   | Place    | Note
-------+----------+-------------------------------------------
     0 | D:1      | AstroCodex24 the Demigod Fighter began the quest for the
                  | Orb.
     0 | D:1      | Reached XP level 1. HP: 18/18 MP: 3/3
   107 | D:1      | Reached XP level 2. HP: 22/25 MP: 4/4
   407 | D:1      | Reached XP level 3. HP: 30/31 MP: 5/5
   776 | D:2      | Got the Octavo of Illusion
   891 | D:2      | Reached XP level 4. HP: 38/38 MP: 6/6
   964 | D:2      | Reached skill level 1 in Dodging
  1222 | D:2      | You fall into a shaft and drop 2 floors!
  1250 | D:4      | Reached XP level 5. HP: 24/45 MP: 7/7
  1314 | D:4      | Noticed Pikel
  1316 | D:4      | Reached skill level 1 in Stealth
  1322 | D:4      | Slain by a lemure

Illustrated notes

Levels and vault maps discovered:
D:1:      minmay_arrival_open_corners, layout_rooms, corexii_leaking_fountain,
          hangedman_decor_lopped, minmay_rat_gold_closets
D:2:      layout_rooms, basic_altar, nrook_uturn, chequers_mini_garden,
          nicolae_half_adder
D:4:      layout_gridville, minmay_temple_entry_proselytizer, uniq_pikel

Skill      XL: |  1  2  3  4  5 |
---------------+----------------+-----
Axes           | 2 3 |  3.6
Shields        | 3 |  3.2
Fighting       | 3 |  3.2
Armour         | 3 |  3.4
Dodging        | 1 |  1.1
Stealth        | 1 |  1.0

Action                     |  1- 3 |  4- 6 || total
---------------------------+-------+-------++-------
  Melee: War axe           |   103 |    64 ||   167
Ability: Begin Untransform |     1 |       ||     1
  Evoke: Wand              |       |     4 ||     4
   Stab: Paralysed         |       |     5 ||     5
 Armour: Scale mail        |    68 |    30 ||    98
  Dodge: Dodged            |    69 |    46 ||   115
  Block: Buckler           |    29 |    19 ||    48
   Form: Beast             |     1 |       ||     1

Table legend: (Time is in decaauts)
 A = Elapsed time spent in this place.
 B = Non-inter-level travel time spent in this place.
 C = Inter-level travel time spent in this place.
 D = Time resting spent in this place.
 E = Time spent auto-exploring this place.
 F = Levels seen in this place.
 G = Mean time per level.
                   A        B        C        D        E       F      G
               +--------+--------+--------+--------+--------+-----+--------+
         Total |   1389 |   1313 |     76 |      0 |      0 |   3 |  463.0 |
       Dungeon |   1389 |   1313 |     76 |      0 |      0 |   3 |  463.0 |
               +--------+--------+--------+--------+--------+-----+--------+

Top non-repeatable levels by time:
     D:1: 640 daAuts
     D:2: 636 daAuts
     D:4: 113 daAuts
